cohdb
Replays
Latest Replays
All Replays
Popular Replays
Top Player Replays
Match Explorer
How It Works
Community
CoH3 Stats
Reddit
Sign in to upload your games and track your stats! →
Sign in with Steam
Match 38491410
Unlisted
Match 38491410
Overview
Messages
Build Orders
End
Construct Section Command Post
Vickers Machine Gun Team
Dingo Light Scout Car
Selects Air and Sea Battlegroup
Infantry Section
Infantry Section
Royal Engineer Section
Construct Platoon Command Post
Selects Commando Section Paradrop
Commando Section Paradrop
Grenade Package
Selects Supply Surplus
Construct Resource Cache
Construct Field Infirmary
Selects Commando Support Section Paradrop
Construct Company Command Post
6-pounder Anti-tank Gun Team
Matilda II Heavy Tank
Unlock M3 Grant Medium Tanks
Infantry Training
Selects Anti-tank Rocket Loiter
Foot Guards Section
Selects Centaur Medium Tank
Anti-tank Rocket Loiter
LEV-Detahaven
Pussy Destroyer
NA
蒼天落葉
0
0
Comments
sign in to comment!
No comments posted yet!